 Dungeon Crawl Stone Soup version 0.22.0-75-g3901e7991e (webtiles) character file.

124128 GsBirdie the Severer (level 16, -1/220 HPs)
             Began as a Minotaur Berserker on Sept 13, 2018.
             Was the Champion of Trog.
             Slain by an alligator (10 damage)
             ... on level 1 of the Swamp on Sept 14, 2018.
             The game lasted 02:47:02 (32749 turns).

GsBirdie the Severer (Minotaur Berserker)          Turns: 32749, Time: 02:47:04

Health: -1/220     AC: 30    Str: 29    XL:     16   Next: 38%
Magic:  0/19       EV: 15    Int:  9    God:    Trog [******]
Gold:   2170       SH:  4    Dex: 16    Spells: 15/15 levels left

rFire    + . .     SeeInvis .   h - +2 hand axe (flame)
rCold    . . .     Gourm    .   (no shield)
rNeg     . . .     Faith    .   u - +2 plate armour {rF+}
rPois    +         Spirit   +   s - +2 hat {Int+3}
rElec    .         Reflect  +   p - scarf {Spirit}
rCorr    .         Harm     .   d - +2 pair of gloves {archery}
MR       +++..                  D - +0 pair of boots
Stlth    ..........             G - +4 amulet of reflection
HPRegen  1.46/turn              q - +3 ring of dexterity
MPRegen  0.16/turn              A - ring of poison resistance

@: berserking, very slightly contaminated, regenerating, drained, very quick
A: retaliatory headbutt, horns 2, icy blue scales 1, thin metallic scales 1,
MP-powered wands
a: Berserk, Trog's Hand, Brothers in Arms, Renounce Religion


You were on level 1 of the Swamp.
You worshipped Trog.
Trog was exalted by your worship.
You were not hungry.

You visited 4 branches of the dungeon, and saw 24 of its levels.

You collected 2620 gold pieces.
You spent 450 gold pieces at shops.

Inventory:

Hand Weapons
 h - a +2 hand axe of flaming (weapon)
 B - a +4 battleaxe of electrocution
Missiles
 n - 2 tomahawks (quivered)
 L - a steel tomahawk
 N - 7 steel javelins
 O - 5 tomahawks of returning
 P - 4 poisoned tomahawks
 S - 5 silver javelins
 U - 3 poisoned javelins
Armour
 d - a +2 pair of gloves of archery (worn)
 p - a scarf of spirit shield (worn)
 s - a +2 hat of intelligence (worn)
 u - a +2 plate armour of fire resistance (worn)
 y - a +2 plate armour of cold resistance
 D - a +0 pair of boots (worn)
Jewellery
 l - an uncursed ring of resist corrosion
 q - a +3 ring of dexterity (left hand)
 A - a ring of poison resistance (right hand)
 G - a +4 amulet of reflection (around neck)
 I - an uncursed ring of protection from magic
 M - a +1 ring of slaying
Wands
 g - a wand of enslavement (10)
 x - a wand of iceblast (28)
 z - a wand of random effects (62)
 E - a wand of paralysis (21)
 F - a wand of polymorph (23)
 H - a wand of acid (30)
 W - a wand of clouds (5)
 Z - a wand of disintegration (3)
Scrolls
 e - 3 scrolls of immolation
 k - 10 scrolls of teleportation
 m - 5 scrolls of enchant armour
 r - 2 scrolls of fear
 t - 8 scrolls of fog
 K - 2 scrolls of brand weapon
 R - 7 scrolls of remove curse
 T - 2 scrolls of magic mapping
 X - 2 scrolls of enchant weapon
 Y - 2 scrolls of silence
Potions
 f - 7 potions of curing
 i - 4 potions of ambrosia
 j - 3 potions of cancellation
 o - a potion of resistance
 w - 3 potions of brilliance
 J - 2 potions of might
 Q - a potion of lignification {unknown}
 V - 5 potions of flight
Comestibles
 c - 48 rations


   Skills:
 - Level 14.9(14.8) Fighting
 + Level 19.6(19.5) Axes
 - Level 10.0(9.9) Throwing
 * Level 16.5(16.4) Armour
 - Level 10.8(10.7) Dodging
 + Level 6.3 Evocations


You had 15 spell levels left.
You didn't know any spells.
Your spell library was empty.

Dungeon Overview and Level Annotations

Branches:
Dungeon (15/15)            Temple (0/1) D:4            Lair (6/6) D:11
  Swamp (1/4) Lair:2        Snake (0/4) Lair:2        Slime (0/5) Lair:6
    Orc (2/2) D:11            Elf (0/3) Orc:2        Vaults (0/5) D:14
 Depths (0/5) D:15

Altars:
Cheibriados
Elyvilon
Fedhas
Gozag
Makhleb
Okawaru
Ru
Trog
Uskayaw
Wu Jian
Xom
Yredelemnul
The Shining One
Beogh
Jiyva

Shops:
D:8 *   D:14 *   Orc:1 [   Orc:2 *[%:

Portals:
Pandemonium: Orc:2

Annotations:
D:6 5 runed doors, catsarecewl's ghost, novice OpTm
D:13 2 transporters, NeAGen181's ghost, journeyman HOFi


Innate Abilities, Weirdness & Mutations

You reflexively headbutt those who attack you in melee.
You have a pair of horns on your head.
You are partially covered in icy blue scales. (AC +2)
You are partially covered in thin metallic scales. (AC +2)
You expend magic power (3 MP) to strengthen your wands.


Message History

A shambling mangrove comes into view.
You hit the alligator. You burn the alligator.
Your headbutt misses the alligator.
The alligator is lightly wounded.
You slash the vampire mosquito! You burn the vampire mosquito.
You destroy the vampire mosquito!
Trog accepts your kill.
You slice the vampire mosquito!! You burn the vampire mosquito.
You slash the alligator! You burn the alligator. The alligator bites you!!
* * * LOW HITPOINT WARNING * * *
The alligator tail-slaps you!
* * * LOW HITPOINT WARNING * * *
The vampire mosquito bites you but does no damage.
You slice the alligator!! You burn the alligator. You headbutt the alligator.
The alligator is heavily wounded.
You miss the vampire mosquito. You slash the alligator! You burn the alligator.
Your stone giant hits the swamp drake.
The alligator closely misses you. You furiously retaliate!
You headbutt the alligator. The alligator tail-slaps you!
You die...

§.≈. . ♣≈.. .≈ ♣≈..
##### ≈..♣[≈.#....#
.....#....# ♣.≈≈.....#
... ♣...≈♣..#♣♣≈..
♣♣@y....≈...§
♣tt≈≈.≈≈...≈≈
...♣♣♣.F≈≈≈≈#≈..≈≈
......f.....≈≈≈.≈§.
#.###..#..C.§≈.....
♣.≈≈..≈§k.≈....≈≈≈
♣....≈≈.......≈≈≈≈≈♣♣.
♣♣♣≈.§.≈≈≈.♣§.≈.. ..≈.
♣♣♣≈≈.≈≈..♣(.♣ ..≈≈≈


You could see a shambling mangrove, 2 alligators, a spiny frog, a swamp drake, a
vampire mosquito and a friendly stone giant (berserk).

Vanquished Creatures
  A thorn hunter (Swamp:1)
  Gastronok (Lair:1)
  A dire elephant (Lair:6)
  Nessos (Lair:6)
  Snorg (Lair:3)
  Josephine (Lair:6)
  2 fire dragons (D:15)
  Harold (Lair:2)
  A rakshasa (D:13)
  8 vault guards
  3 hydras
  2 catoblepae
  6 centaur warriors
  A deep troll shaman (Lair:5)
  A queen ant (Lair:3)
  A death knight (D:15)
  2 ogre magi
  Urug (Lair:4)
  9 two-headed ogres
  11 death yaks (Lair:6)
  2 tengu warriors (D:15)
  4 orc high priests (Orc:2)
  Nergalle (Lair:3)
  A sixfirhy (Orc:2)
  4 skeletal warriors (D:12)
  2 gelid demonspawn (Orc:2)
  A torturous demonspawn (Orc:2)
  An unseen horror (D:13)
  A wizard (D:15)
  7 orc knights
  Pikel (D:5)
  2 deep elf magi (D:15)
  A harpy (D:9)
  17 ugly things
  7 orc sorcerers (Orc:2)
  A faun (shapeshifter) (D:15)
  11 cyclopes
  7 manticores
  A rust devil (Orc:2)
  4 black mambas
  15 elephants (Lair:6)
  Joseph (D:9)
  A water nymph (shapeshifter) (D:14)
  9 spiny frogs
  A rime drake (Lair:6)
  A rime drake (shapeshifter) (D:15)
  An efreet (D:13)
  2 freezing wraiths (D:15)
  4 kobold demonologists
  2 hellwings (Orc:2)
  A tengu conjurer (D:15)
  6 komodo dragons
  A meliai (shapeshifter) (D:14)
  2 hornets (D:9)
  2 polar bears
  12 trolls
  Prince Ribbit (Lair:1)
  3 slime creatures (D:9)
  4 dream sheep (Lair:6)
  10 hippogriffs
  9 blink frogs
  Sigmund (D:3)
  2 vampires
  30 yaks
  10 wraiths
  Eustachio (D:5)
  4 water elementals
  A wyvern (D:12)
  4 hungry ghosts
  2 basilisks
  10 vampire mosquitoes
  3 wargs
  An acid dragon (D:14)
  A swamp worm (Swamp:1)
  Duvessa (D:5)
  3 nagas (Lair:2)
  13 water moccasins
  20 soldier ants
  35 orc warriors
  2 porcupines
  6 ice beasts
  A hornet zombie (D:15)
  5 sky beasts
  3 black bears
  A necrophage (D:10)
  3 phantoms
  12 ogres
  8 wolves
  21 centaurs
  A boggart (shapeshifter) (D:15)
  A boggart (D:15)
  8 crocodiles
  A big kobold (D:15)
  20 bullfrogs
  A wyvern zombie (D:12)
  Dowan (D:5)
  7 scorpions
  12 killer bees
  2 troll zombies (D:11)
  3 electric eels (D:14)
  6 wights
  9 howler monkeys
  9 crimson imps
  A quasit (D:7)
  A bullfrog zombie (D:5)
  8 centaur zombies
  5 hounds
  5 jellies
  26 orc priests
  3 bullfrog skeletons
  4 iguanas
  5 centaur skeletons
  6 hell rats
  17 orc wizards
  31 worker ants
  4 ogre zombies (D:11)
  A hound skeleton (D:5)
  2 worker ant zombies
  10 adders
  A howler monkey skeleton (D:10)
  2 gnolls
  6 river rats (D:8)
  7 shadow imps
  2 oozes (D:3)
  2 adder zombies
  An adder skeleton (D:9)
  2 dart slugs
  7 leopard geckos
  102 orcs
  3 ball pythons
  4 giant cockroaches
  7 goblins
  9 hobgoblins
  16 jackals
  10 quokkas
  3 bats
  3 frilled lizards
  2 goblin skeletons (D:11)
  A goblin zombie (D:11)
  2 hobgoblin zombies (D:11)
  15 kobolds
  An orc skeleton (D:11)
  13 orc zombies (D:11)
  A quokka zombie (D:7)
  16 rats
  8 fungi
  2 plants (Lair:6)
881 creatures vanquished.

Vanquished Creatures (collateral kills)
  A vampire mosquito (Swamp:1)
1 creature vanquished.

Vanquished Creatures (others)
  A spriggan druid (Swamp:1)
  An orc warrior (Orc:1)
  2 slaves (D:5)
  A crimson imp (D:5)
  A worker ant (D:5)
  A gnoll (D:5)
  3 orcs (D:5)
  2 briar patches (Swamp:1)
  A bush (D:6)
  27 fungi
  19 plants
59 creatures vanquished.

Grand Total: 941 creatures vanquished

Notes
Turn   | Place    | Note
-------+----------+-------------------------------------------
     0 | D:1      | GsBirdie the Minotaur Berserker began the quest for the
                  | Orb.
     0 | D:1      | Reached XP level 1. HP: 19/19 MP: 0/0
   120 | D:1      | Reached XP level 2. HP: 24/27 MP: 1/1
   337 | D:1      | You fall through a shaft!
   353 | D:2      | Reached skill level 4 in Axes
   421 | D:2      | Reached XP level 3. HP: 12/34 MP: 2/2
   651 | D:2      | Reached ** piety under Trog
   917 | D:2      | Found a faded altar of an unknown god.
  1259 | D:1      | Reached skill level 5 in Fighting
  1950 | D:2      | Reached XP level 4. HP: 41/42 MP: 3/3
  2068 | D:2      | Reached skill level 5 in Axes
  2387 | D:3      | Lost intelligence.
  2510 | D:3      | Reached XP level 5. HP: 47/48 MP: 4/4
  2690 | D:3      | Found a basalt altar of Yredelemnul.
  2693 | D:3      | Found an iron altar of Okawaru.
  2712 | D:3      | Noticed Sigmund
  2740 | D:3      | Reached *** piety under Trog
  2757 | D:3      | Killed Sigmund
  2757 | D:3      | Reached skill level 5 in Armour
  2757 | D:3      | Reached XP level 6. HP: 21/58 MP: 5/5
  3176 | D:4      | Found a staircase to the Ecumenical Temple.
  3225 | D:4      | Reached skill level 1 in Throwing
  3416 | D:4      | Found a bloodstained altar of Trog.
  3780 | D:4      | Reached XP level 7. HP: 63/64 MP: 6/6
  4185 | D:5      | Entered Level 5 of the Dungeon
  4190 | D:5      | Noticed Eustachio
  4212 | D:5      | Killed Eustachio
  4572 | D:5      | Noticed Duvessa
  4583 | D:5      | Killed Duvessa
  4583 | D:5      | Reached skill level 5 in Throwing
  4583 | D:5      | Reached XP level 8. HP: 74/74 MP: 7/7
  4584 | D:5      | Noticed Dowan
  4591 | D:5      | Killed Dowan
  4803 | D:5      | Noticed Pikel
  4815 | D:5      | Killed Pikel
  5049 | D:5      | Found a glowing golden altar of the Shining One.
  5295 | D:6      | Found a runed gate.
  5295 | D:6      | Found a runed gate.
  5295 | D:6      | Found a runed gate.
  5326 | D:6      | Noticed catsarecewl's ghost (novice OpTm)
  5655 | D:6      | Reached XP level 9. HP: 82/83 MP: 8/8
  5662 | D:6      | Found a runed door.
  5678 | D:6      | Found a runed door.
  5705 | D:6      | Found a blossoming altar of Fedhas.
  5931 | D:6      | Gained mutation: Your flesh is cold resistant. (rC+)
                  | [potion of mutation]
  5931 | D:6      | Gained mutation: You are resistant to electric shocks.
                  | (rElec) [potion of mutation]
  5931 | D:6      | Gained mutation: You are partially covered in thin metallic
                  | scales. (AC +2) [potion of mutation]
  5931 | D:6      | Gained mutation: You are somewhat resistant to further
                  | mutation. [potion of mutation]
  5932 | D:6      | Lost mutation: You are resistant to electric shocks.
                  | (rElec) [potion of mutation]
  5932 | D:6      | Lost mutation: You are somewhat resistant to further
                  | mutation. [potion of mutation]
  5932 | D:6      | Lost mutation: Your flesh is cold resistant. (rC+) [potion
                  | of mutation]
  5932 | D:6      | Gained mutation: You expend magic power (3 MP) to
                  | strengthen your wands. [potion of mutation]
  5932 | D:6      | Gained mutation: You are partially covered in icy blue
                  | scales. (AC +2) [potion of mutation]
  6382 | D:7      | Reached skill level 5 in Dodging
  6457 | D:7      | Reached **** piety under Trog
  6541 | D:7      | Reached skill level 10 in Fighting
  6666 | D:7      | Received a gift from Trog
  6868 | D:7      | Reached skill level 6 in Axes
  7344 | D:8      | Found a shimmering altar of Xom.
  7345 | D:8      | Found a hide-covered altar of Uskayaw.
  7345 | D:8      | Found a burning altar of Makhleb.
  7345 | D:8      | Found a white marble altar of Elyvilon.
  7469 | D:8      | Found a blossoming altar of Fedhas.
  7471 | D:8      | Found a sacrificial altar of Ru.
  7601 | D:8      | Reached skill level 7 in Axes
  7644 | D:8      | Found an ornate altar of the Wu Jian Council.
  7697 | D:8      | Found an opulent altar of Gozag.
  7709 | D:8      | Found Gozag's Platinum Reserve.
  8064 | D:8      | Reached skill level 8 in Axes
  8064 | D:8      | Reached XP level 10. HP: 75/94 MP: 9/9
  8589 | D:9      | Noticed Joseph
  9004 | D:9      | Killed Joseph
  9112 | D:9      | Reached skill level 9 in Axes
  9114 | D:9      | Reached ***** piety under Trog
  9442 | D:9      | Reached skill level 10 in Axes
  9739 | D:9      | Received a gift from Trog
  9756 | D:9      | Noticed a harpy
  9893 | D:9      | Reached XP level 11. HP: 104/104 MP: 10/10
  9903 | D:9      | Paralysed by a hornet for 2 turns
  9907 | D:9      | Paralysed by a hornet for 3 turns
 10145 | D:9      | Killed a harpy
 10399 | D:9      | Received a gift from Trog
 10537 | D:10     | Entered Level 10 of the Dungeon
 10662 | D:10     | Noticed a two-headed ogre
 10668 | D:10     | Killed a two-headed ogre
 10740 | D:10     | Reached skill level 10 in Armour
 11582 | D:11     | Found a staircase to the Orcish Mines.
 11818 | D:10     | Reached ****** piety under Trog
 11860 | D:11     | Received a gift from Trog
 11952 | D:11     | Noticed a two-headed ogre
 11956 | D:11     | Killed a two-headed ogre
 12312 | D:11     | Noticed a two-headed ogre
 12326 | D:11     | Killed a two-headed ogre
 12532 | D:11     | Found a staircase to the Lair.
 12864 | Lair:1   | Entered Level 1 of the Lair of Beasts
 12899 | Lair:1   | Noticed Gastronok
 12920 | Lair:1   | Killed Gastronok
 12920 | Lair:1   | Received a gift from Trog
 12920 | Lair:1   | Reached XP level 12. HP: 110/116 MP: 11/11
 13032 | Lair:1   | Noticed Prince Ribbit
 13047 | Lair:1   | Reached skill level 10 in Throwing
 13095 | Lair:1   | Noticed an eight-headed hydra
 13687 | Lair:1   | Killed Prince Ribbit
 13999 | Lair:2   | Found a staircase to the Snake Pit.
 14016 | Lair:2   | Noticed Harold
 14043 | Lair:2   | Reached skill level 1 in Evocations
 14076 | Lair:2   | Killed Harold
 14129 | Lair:2   | Found the -2 hat of the Alchemist {rElec rPois rF+ rC+ rN+
                  | MR+ rMut rCorr}
 14358 | Lair:2   | Found a staircase to the Swamp.
 14422 | Lair:2   | Received a gift from Trog
 15778 | Lair:3   | Noticed Snorg
 15787 | Lair:3   | Killed Snorg
 15970 | Lair:3   | Noticed an eight-headed hydra
 15986 | Lair:3   | Killed a three-headed hydra
 15986 | Lair:3   | Reached skill level 5 in Evocations
 16228 | Lair:3   | Received a gift from Trog
 16230 | Lair:3   | Noticed a queen ant
 16261 | Lair:3   | Killed a queen ant
 16400 | Lair:3   | Reached XP level 13. HP: 111/125 MP: 16/16
 16714 | Lair:4   | Noticed Nergalle
 16728 | Lair:3   | Killed Nergalle
 17186 | Lair:4   | Noticed Urug
 17494 | Lair:4   | Killed Urug
 18464 | Lair:5   | Reached skill level 11 in Axes
 18828 | Lair:6   | Entered Level 6 of the Lair of Beasts
 18892 | Lair:6   | Noticed Nessos
 18903 | Lair:6   | Killed Nessos
 19249 | Lair:6   | Found a staircase to the Slime Pits.
 19254 | Lair:6   | Found a viscous altar of Jiyva.
 19262 | Lair:6   | Received a gift from Trog
 19262 | Lair:6   | Reached skill level 10 in Dodging
 19475 | Lair:6   | Reached skill level 12 in Axes
 19494 | Lair:6   | Noticed Josephine
 19500 | Lair:6   | Killed Josephine
 19659 | Lair:6   | Reached skill level 13 in Axes
 20083 | Lair:6   | Received a gift from Trog
 20475 | Lair:6   | Reached XP level 14. HP: 118/133 MP: 5/17
 20481 | Lair:6   | Reached skill level 14 in Axes
 20948 | Lair:5   | Reached skill level 15 in Axes
 22051 | D:12     | Reached skill level 16 in Axes
 23028 | D:12     | Reached skill level 17 in Axes
 23180 | D:13     | Received a gift from Trog
 23458 | D:13     | Found a transporter.
 23458 | D:13     | Noticed NeAGen181's ghost (journeyman HOFi)
 24113 | D:13     | Received a gift from Trog
 24191 | D:13     | Found a transporter.
 24264 | D:13     | Reached skill level 18 in Axes
 24757 | D:14     | Found Qeuseum's Changing Room.
 24847 | D:14     | Found a gate to the Vaults.
 24864 | D:14     | Reached XP level 15. HP: 139/139 MP: 6/18
 25979 | D:14     | Received a gift from Trog
 27451 | D:15     | Entered Level 15 of the Dungeon
 27741 | D:15     | Received a gift from Trog
 28201 | D:15     | Found a snail-covered altar of Cheibriados.
 28230 | D:15     | Reached skill level 19 in Axes
 28309 | D:15     | Received a gift from Trog
 28676 | D:15     | Received a gift from Trog
 28698 | D:15     | Reached skill level 15 in Armour
 29015 | D:15     | Received a gift from Trog
 29315 | D:15     | Received a gift from Trog
 29566 | D:15     | Found a staircase to the Depths.
 29786 | Orc:1    | Entered Level 1 of the Orcish Mines
 30209 | Orc:1    | Found a dark tunnel.
 30248 | Orc:1    | Reached XP level 16. HP: 147/147 MP: 19/19
 30282 | Orc:1    | Found Lifryni's Antique Armour Shoppe.
 30303 | Orc:1    | Bought a glowing cloak for 225 gold pieces
 30530 | Orc:2    | Entered Level 2 of the Orcish Mines
 30861 | Orc:2    | Found a roughly hewn altar of Beogh.
 30983 | Orc:2    | Found a staircase to the Elven Halls.
 31141 | Orc:2    | Received a gift from Trog
 31177 | Orc:2    | Found Gimont's Food Boutique.
 31231 | Orc:2    | Found Yllyuhek's General Store.
 31466 | Orc:2    | Received a gift from Trog
 31881 | Orc:2    | Found Paothyja's Book Emporium.
 31881 | Orc:2    | Found Enlimp's Antique Armour Shoppe.
 31881 | Orc:2    | Found a one-way gate leading to the halls of Pandemonium.
 31885 | Orc:2    | Bought a pair of glowing gloves for 225 gold pieces
 32432 | Swamp:1  | Entered Level 1 of the Swamp
 32440 | Swamp:1  | Noticed a thorn hunter
 32459 | Swamp:1  | Killed a thorn hunter
 32748 | Swamp:1  | HP: 8/220 [alligator[a spriggan druid] (15)]
 32749 | Swamp:1  | Slain by an alligator

Skill      XL: |  1  2  3  4  5  6  7  8  9 10 11 12 13 14 15 16 |
---------------+-------------------------------------------------+-----
Fighting       | 4 5 6 7 9 10 12 13 14 | 14.9
Axes           | 4 5 8 10 13 18 19 | 19.6
Armour         | 3 5 8 10 11 15 16 | 16.5
Throwing       | 2 5 7 9 10 | 10.0
Dodging        | 3 6 8 10 | 10.8
Evocations     | 5 6 |  6.3

Action                   |  1- 3 |  4- 6 |  7- 9 | 10-12 | 13-15 | 16-18 || total
-------------------------+-------+-------+-------+-------+-------+-------++-------
Melee: Hand axe          |    82 |   117 |   143 |   151 |     7 |    30 ||   530
       Headbutt          |     6 |    27 |    86 |   213 |   315 |    24 ||   671
       War axe           |       |       |   160 |   497 |   155 |       ||   812
       Battleaxe         |       |       |       |    96 |   439 |    99 ||   634
       Broad axe         |       |       |       |       |   394 |       ||   394
Throw: Tomahawk          |       |       |     6 |    81 |   357 |   234 ||   678
       Javelin           |       |       |       |       |    59 |    30 ||    89
       Throwing net      |       |       |       |       |     5 |       ||     5
Invok: Berserk           |       |     5 |     5 |     6 |    10 |     3 ||    29
       Brothers in Arms  |       |       |       |       |     1 |     2 ||     3
       Trog's Hand       |       |       |       |       |       |     1 ||     1
Evoke: Wand              |       |       |       |     2 |     1 |     1 ||     4
  Use: Scroll            |       |       |    12 |     5 |    15 |     2 ||    34
       Potion            |       |       |     2 |       |     8 |     5 ||    15
 Stab: Paralysed         |       |       |       |       |     3 |       ||     3
  Eat: Chunk             |     3 |    10 |    16 |    24 |    35 |     7 ||    95
       Ration            |       |     1 |     1 |     4 |     6 |     1 ||    13
Armor: Animal skin       |    13 |       |       |       |       |       ||    13
       Leather armour    |     2 |    20 |   101 |     3 |       |       ||   126
       Ring mail         |       |       |       |   157 |    60 |       ||   217
       Plate armour      |       |       |       |   190 |   333 |    86 ||   609
       Chain mail        |       |       |       |       |    89 |       ||    89
Dodge: Dodged            |    62 |    59 |   229 |   492 |   626 |    89 ||  1557
Block: Other             |       |       |       |       |     9 |    22 ||    31
       Reflection        |       |       |       |       |     2 |     3 ||     5
